 Dungeon Crawl Stone Soup version 0.29.0-4-gdea44cf6ec (webtiles) character file.

Game seed: 15982296300895249843

0 qw the Sneak (level 1, 0/14 HPs)
             Began as a Gargoyle Delver on Sept 10, 2022.
             Slain by an orc priest
             ... wielding a +0 hand axe
              (1 damage)
             ... on level 5 of the Dungeon.
             The game lasted 00:00:01 (41 turns).

qw the Sneak (Gargoyle Delver)                        Turns: 41, Time: 00:00:02

Health: 0/14       AC:  5    Str: 15    XL:     1   Next: 0%
Magic:  1/1        EV: 11    Int: 10    God:
Gold:   0          SH:  0    Dex: 11    Spells: 0/0 levels left

rFire   . . .      SeeInvis .   a - +0 hand axe
rCold   . . .      Faith    .   (no shield)
rNeg    + . .      Spirit   .   b - +0 leather armour
rPois   inf        Reflect  .   (no helmet)
rElec   +          Harm     .   (no cloak)
rCorr   .          Rampage  .   (no gloves)
Will    .....                   (no boots)
Stlth   +++.......              (no amulet)
HPRegen 0.04/turn               (no ring)
MPRegen 0.07/turn               (no ring)

@: no status effects
A: sickness immunity, AC +2, negative energy resistance 1, electricity
resistance, torment resistance 1, petrification resistance
a: no special abilities


You were on level 5 of the Dungeon.
You visited 1 branch of the dungeon, and saw 1 of its levels.


Innate Abilities, Weirdness & Mutations

You are immune to sickness and miasma.
Your stone body is resilient. (AC +2)
You are immune to poison.
You resist negative energy. (rN+)
You are resistant to electric shocks. (rElec)
You are resistant to unholy torment.
You are immune to petrification.


   Skills:
 - Level 3.2 Fighting
 + Level 1.7 Axes
 - Level 1.5 Dodging
 - Level 5.4 Stealth


You couldn't memorise any spells.
You didn't know any spells.
Your spell library was empty.

Inventory:

Hand Weapons
 a - a +0 hand axe (weapon)
Armour
 b - a +0 leather armour (worn)
Wands
 g - a wand of digging (3)
Scrolls
 c - a scroll of fog
 d - a scroll of magic mapping
 e - a scroll of fear
Potions
 f - a potion of haste

Dungeon Overview and Level Annotations

Branches:
Dungeon (5/15)
 Temple: D:4-7

Altars:


Message History

The orc shouts!
You hear a shout!
An orc priest comes into view. It is wielding a +0 hand axe.
29 ||| Stepping ~*~*~tactically~*~*~ (hiding).
33 ||| Stepping ~*~*~tactically~*~*~ (hiding).
An orc comes into view. It is wielding a +0 dagger.
The orc hits you but does no damage.
You hit the orc priest but do no damage.
You hit the orc. The orc hits you with a +0 whip.
The orc priest hits you with a +0 hand axe.
You hit the orc but do no damage.
The orc is moderately wounded.
You barely miss the orc priest. The orc priest closely misses you.
The orc misses you.
You hit the orc.
The orc is heavily wounded.
You hit the orc priest.
The orc priest hits you but does no damage.
The orc barely misses you.
You hit the orc but do no damage.
The orc is heavily wounded.
You hit the orc priest.
The orc priest looks encouraged for a moment.
The orc hits you but does no damage.
The orc priest begins to cast a cantrip, but forgets the words!
You barely miss the orc priest.
The orc priest is heavily wounded.
You hit the orc.
The orc priest hits you with a +0 hand axe.
The orc misses you.
You hit the orc.
The orc is almost dead.
You closely miss the orc priest. You hit the orc.
The orc priest barely misses you. The orc hits you but does no damage.
The orc closely misses you.
You hit the orc.
You kill the orc!
You hit the orc priest. You hit the orc but do no damage.
The orc priest hits you with a +0 hand axe.
You die...

# .<... #.#
#...# ##.#.#.#.#
# ###
<....#.#.#.#...
#......#.#.#.#
#............ .#
#.....o).#.###.#
......o@......>#
.....###.###.#.#
... #....#.# # ?
###....#.#
#..#...#
#......#
###....#.#
#........#
#.##.....#


You could see an orc priest and an orc.

Vanquished Creatures
  An orc (D:5)
1 creature vanquished.

Notes
Turn   | Place    | Note
-------+----------+-------------------------------------------
     0 | D:5      | qw the Gargoyle Delver began the quest for the Orb.
     0 | D:5      | Reached XP level 1. HP: 14/14 MP: 1/1
     0 | D:5      | 0 ||| qw: Version: 0.1-a-116-g5d60599
     0 | D:5      | 0 ||| qw: Game counter: 9066
     0 | D:5      | 0 ||| qw: Always use a shield: true
     0 | D:5      | 0 ||| qw: God list: Okawaru
     0 | D:5      | 0 ||| qw: Allow faded altars: false
     0 | D:5      | 0 ||| qw: Do Orc after D:15 true
     0 | D:5      | 0 ||| qw: Do second Lair branch before Depths: true
     0 | D:5      | 0 ||| qw: Lair rune preference: random
     0 | D:5      | 0 ||| qw: Plans: Normal
     0 | D:5      | 0 ||| PLANNING D:1-11
    28 | D:5      | Noticed an orc priest
    29 | D:5      | 29 ||| Stepping ~*~*~tactically~*~*~ (hiding).
    33 | D:5      | 33 ||| Stepping ~*~*~tactically~*~*~ (hiding).
    39 | D:5      | HP: 1/14 [orc priest/+0 hand axe (6)]
    41 | D:5      | Slain by an orc priest

Levels and vault maps discovered:
D:5:      layout_basic, lemuel_round_altar, okawaru_metal_pillars_1_2

Action                   || total
-------------------------++-------
Melee: Hand axe          ||     7
Armor: Leather armour    ||     4
Dodge: Dodged            ||     6

Table legend:
 A = Non-vault XP
 B = Vault XP
 C = Vault XP percentage of total XP
 D = Non-vault monster count
 E = Vault monster count
 F = Vault count percentage of total count
                 A         B        C        D         E       F
            +---------+---------+-------+---------+---------+-------
      Total |       3 |       0 |   0.0 |       1 |       0 |   0.0
            +---------+---------+-------+---------+---------+-------
        D:5 |       3 |       0 |   0.0 |       1 |       0 |   0.0
            +---------+---------+-------+---------+---------+-------
